 Dungeon Crawl Stone Soup version 0.31-a0-1300-gb6740aa4e6 (webtiles) character file.

Game seed: 16081083641357699431

415 greenreed the Conjurer (level 6, 0/53 HPs)
             Began as an Ogre Conjurer on Dec 18, 2023.
             Slain by an ice beast (2 damage)
             ... on level 4 of the Dungeon.
             The game lasted 00:05:31 (4120 turns).

greenreed the Conjurer (Ogre Conjurer)              Turns: 4120, Time: 00:05:32

Health: 0/53       AC:  3    Str: 12    XL:     6   Next: 92%
Magic:  1/13       EV: 10    Int: 21    God:
Gold:   185        SH:  0    Dex:  7    Spells: 12/15 levels left

rFire   . . .        c - +0 whip
rCold   . . .        (no shield)
rNeg    . . .        a - +0 robe
rPois   .            (helmet restricted)
rElec   .            h - scarf {repulsion}
rCorr   .            (gloves unavailable)
SInv    .            (boots unavailable)
Will    .....        (no amulet)
Stlth   ++           (no ring)
HPRegen 0.28/turn    (no ring)
MPRegen 0.13/turn

%: repel missiles
@: no status effects
A: large, unfitting armour, tough skin 1
a: no special abilities


You were on level 4 of the Dungeon.
You visited 1 branch of the dungeon, and saw 5 of its levels.

You collected 185 gold pieces.

Inventory:

Hand Weapons
 c - a +0 whip (weapon)
Armour
 a - a +0 robe (worn)
 h - a scarf of repulsion (worn)
 q - +0 storm dragon scales
Jewellery
 e - a +6 ring of strength
 o - an amulet of faith
Scrolls
 d - 3 scrolls of identify {unknown}
 g - a scroll of noise {unknown}
 i - 2 scrolls of fear {unknown}
 j - 2 scrolls of amnesia {unknown}
 l - a scroll of poison {unknown}
Potions
 b - a potion of magic
 f - a potion of heal wounds {unknown}
 k - 2 potions of lignification {unknown}
 m - a potion of ambrosia {unknown}
 n - 2 potions of brilliance {unknown}
 p - a potion of attraction {unknown}
 r - a potion of curing {unknown}


   Skills:
 + Level 3.1 Dodging
 - Level 2.0 Stealth
 * Level 5.1 Spellcasting
 * Level 5.3 Conjurations


You had 12 spell levels left.
You knew the following spells:

 Your Spells              Type           Power      Damage    Failure   Level
a - Magic Dart            Conj           100%       1d8       1%          1
b - Searing Ray           Conj           54%        2d6       1%          2

Your spell library contained the following spells:

 Spells                   Type           Power      Damage    Failure   Level
 Slow                     Hex            20%        N/A       11%         1
 Summon Small Mammal      Summ           20%        N/A       11%         1
 Dazzling Flash           Conj/Hex       32%        N/A       11%         3
 Call Imp                 Summ           10%        N/A       16%         2
 Mephitic Cloud           Conj/Pois/Air  12%        N/A       16%         3
 Call Canine Familiar     Summ           5%         N/A       32%         3
 Confusing Touch          Hex            5%         N/A       32%         3
 Sigil of Binding         Hex            5%         N/A       32%         3
 Summon Guardian Golem    Hex/Summ       5%         N/A       32%         3
 Vampiric Draining        Necr           5%         2d6       32%         3
 Fulminant Prism          Conj/Hex       8%         3d7       34%         4
 Iskenderun's Mystic Bla  Conj/Tloc      16%        2d5       34%         4


Dungeon Overview and Level Annotations

Branches:
Dungeon (5/15)
 Temple: D:4-7

Altars:
Ashenzari
Ru
The Shining One

Annotations:
D:5 Dowan, Duvessa


Innate Abilities, Weirdness & Mutations

You are too large for most types of armour.
You have tough skin. (AC +1)


Message History

Press: ? - help, Shift-Dir - straight line, f - ice beast
Aim: an ice beast (wandering, hasn't noticed you, 79% to hit)
The searing ray misses the ice beast. (Press . to maintain the ray.)
The searing ray hits the ice beast.
The ice beast is moderately wounded.
The searing ray hits the ice beast!
The ice beast is heavily wounded.
The ice beast misses you.
The searing ray hits the ice beast.
The ice beast is heavily wounded.
You finish channelling your searing ray.
The ice beast barely misses you.
Casting: Searing Ray (safe; 1% risk of failure)
Confirm with . or Enter, or press ? or * to list all spells.
Aiming: Searing Ray (safe; 1% risk of failure)
Press: ? - help, Shift-Dir - straight line, f/p - ice beast
Aim: an ice beast (heavily wounded, 79% to hit)
The searing ray hits the ice beast but does no damage.
The ice beast is heavily wounded. (Press . to maintain the ray.)
The ice beast hits you. The ice beast freezes you!
The searing ray hits the ice beast.
The ice beast is severely wounded.
The ice beast hits you. The ice beast freezes you!
The searing ray misses the ice beast.
The ice beast hits you. The ice beast freezes you!
* * * LOW HITPOINT WARNING * * *
The searing ray hits the ice beast.
The ice beast is severely wounded.
You finish channelling your searing ray.
The ice beast hits you.
* * * LOW HITPOINT WARNING * * *
The ice beast freezes you!
* * * LOW HITPOINT WARNING * * *
Unknown command.
You hit the ice beast but do no damage.
The ice beast is severely wounded.
The ice beast hits you.
You die...

##.# #### .. ##.# #..
#.. #.# ##.# #.# .# .
#.#
##.####.##.##.##.#
##.#.....>.......#
##..#.≈~≈#.##.#..#
.~~~~~~.##.##.#..# #
~~≈..~........#..##.#
~..###.##.......@Y..#
#.#.#.###.#####..####
#.##.####.#####..#
#.##.............#
#.################
#.#


You could see an ice beast.

Vanquished Creatures
  Menkaure (D:4)
  A scorpion (D:4)
  A jelly (D:4)
  An orc priest (D:3)
  An iguana (D:4)
  3 gnolls (D:4)
  4 adders (D:4)
  3 worms
  6 dart slugs
  4 orcs
  7 endoplasms
  4 giant cockroaches
  3 goblins
  7 hobgoblins
  3 jackals (D:3)
  3 quokkas
  4 ball pythons
  3 bats
  6 frilled lizards
  4 kobolds
  A rat (D:3)
70 creatures vanquished.

Notes
Turn   | Place    | Note
-------+----------+-------------------------------------------
     0 | D:1      | greenreed the Ogre Conjurer began the quest for the Orb.
     0 | D:1      | Reached XP level 1. HP: 16/16 MP: 3/3
   260 | D:1      | Reached XP level 2. HP: 24/24 MP: 0/5
   908 | D:1      | Learned a level 2 spell: Searing Ray
  1015 | D:1      | Reached XP level 3. HP: 31/31 MP: 5/7
  1239 | D:2      | Found a sacrificial altar of Ru.
  2231 | D:3      | You fall into a shaft and drop 2 floors!
  2231 | D:5      | Entered Level 5 of the Dungeon
  2256 | D:5      | Noticed Dowan
  2261 | D:5      | Noticed Duvessa
  2309 | D:4      | Reached XP level 4. HP: 31/39 MP: 3/9
  2371 | D:4      | Noticed a scorpion
  2715 | D:3      | Found a broken altar of Ashenzari.
  2775 | D:3      | Found a glowing golden altar of the Shining One.
  2792 | D:3      | Reached XP level 5. HP: 42/45 MP: 5/10
  3367 | D:4      | Reached XP level 6. HP: 53/53 MP: 8/12
  3705 | D:4      | Noticed Menkaure
  3710 | D:4      | Killed Menkaure
  3711 | D:4      | Reached skill level 5 in Spellcasting
  3711 | D:4      | Reached skill level 5 in Conjurations
  4111 | D:4      | Noticed an ice beast
  4119 | D:4      | HP: 1/53 [ice beast (9)]
  4120 | D:4      | Slain by an ice beast

Illustrated notes

Levels and vault maps discovered:
D:1:      amcnicky_arrival_double_pillar, layout_basic
D:2:      layout_basic, basic_altar, serial_curves, eino_curves_04,
          eino_curves_03
D:3:      wander_river, layout_basic, mainiacjoe_overflow_swirl
D:4:      layout_loops_ring, grunt_ministairs_12,
          chequers_serial_rivers_small_a, serial_bayou_crossing,
          uniq_blork_the_orc, uniq_menkaure
D:5:      layout_basic, uniq_ijyb, uniq_duvessa

Skill      XL: |  1  2  3  4  5  6 |
---------------+-------------------+-----
Dodging        | 2 3 |  3.1
Spellcasting   | 3 4 5 |  5.1
Conjurations   | 4 5 |  5.3
Stealth        | 2 |  2.0

Action                     |  1- 3 |  4- 6 || total
---------------------------+-------+-------++-------
  Melee: Whip              |    10 |     1 ||    11
   Cast: Magic Dart        |    76 |    96 ||   172
         Searing Ray       |     1 |     6 ||     7
 Armour: Robe              |    11 |    23 ||    34
  Dodge: Dodged            |     9 |    14 ||    23
         Repelled          |     1 |       ||     1

Table legend: (Time is in decaauts)
 A = Elapsed time spent in this place.
 B = Non-inter-level travel time spent in this place.
 C = Inter-level travel time spent in this place.
 D = Time resting spent in this place.
 E = Time spent auto-exploring this place.
 F = Levels seen in this place.
 G = Mean time per level.
                   A        B        C        D        E       F      G
               +--------+--------+--------+--------+--------+-----+--------+
         Total |   4119 |   3999 |    120 |     27 |   3549 |   5 |  823.8 |
       Dungeon |   4119 |   3999 |    120 |     27 |   3549 |   5 |  823.8 |
               +--------+--------+--------+--------+--------+-----+--------+

Top non-repeatable levels by time:
     D:1: 1238 daAuts
     D:4: 942 daAuts
     D:2: 937 daAuts
     D:3: 931 daAuts
     D:5: 69 daAuts
